 Dungeon Crawl Stone Soup version 0.30.0-10-gfe55d96785 (webtiles) character file.

Game seed: 6883622146021527555

2 mdonais the Trooper (level 1, -3/24 HPs)
             Began as an Ogre Cinder Acolyte on May 14, 2023.
             Was a High Priest of Ignis.
             Succumbed to a kobold's poison
             ... on level 1 of the Dungeon.
             The game lasted 00:00:42 (77 turns).

mdonais the Trooper (Ogre Cinder Acolyte)             Turns: 77, Time: 00:00:43

Health: -3/24      AC:  3    Str: 17    XL:     1   Next: 40%
Magic:  2/2        EV:  9    Int: 15    God:    Ignis [*****.]
Gold:   31         SH:  0    Dex:  4    Spells: 2/2 levels left

rFire   + . .        a - -1 mace (flame)
rCold   . . .        (no shield)
rNeg    . . .        b - +0 robe
rPois   .            (helmet restricted)
rElec   .            (no cloak)
rCorr   .            (gloves unavailable)
SInv    .            (boots unavailable)
Will    .....        (no amulet)
Stlth   +            (no ring)
HPRegen 0.24/turn    (no ring)
MPRegen 0.08/turn

%: no passive effects
@: lethally poisoned (-3 -> -18)
A: large, unfitting armour, tough skin 1
a: Renounce Religion, Fiery Armour, Foxfire Swarm, Rising Flame


You were on level 1 of the Dungeon.
You worshipped Ignis.
Ignis was extremely pleased with you.
You visited 1 branch of the dungeon, and saw 1 of its levels.

You collected 31 gold pieces.

Inventory:

Hand Weapons
 a - a -1 mace of flaming (weapon)
Armour
 b - a +0 robe (worn)
Magical Staves
 e - a staff of air
   (You found it on level 1 of the Dungeon)
 f - a staff of cold
   (You found it on level 1 of the Dungeon)
Scrolls
 c - 2 scrolls of identify {unknown}


   Skills:
 + Level 4.1 Fighting
 + Level 2.8 Maces & Flails
 - Level 1.2 Spellcasting
 - Level 2.6 Fire Magic


You had 2 spell levels left.
You didn't know any spells.
Your spell library contained the following spells:

 Spells                   Type           Power      Damage    Failure   Level
 Scorch                   Fire           16%        2d5       12%         2
 Magic Dart               Conj           0%         1d3       24%         1
 Searing Ray              Conj           0%         2d4       36%         2
 Fulminant Prism          Conj/Hex       0%         3d5       94%         4


Dungeon Overview and Level Annotations

Branches:
Dungeon (1/15) Zot: 5919

Altars:


Innate Abilities, Weirdness & Mutations

You are too large for most types of armour.
You have tough skin. (AC +1)


Message History

Welcome, mdonais the Ogre Cinder Acolyte.
Everyone else who sought the Orb of Zot has failed.
Will you be different? The flames of Ignis gently warm you.
Press ? for a list of commands and other information.
Found 14 gold pieces.
Found an escape hatch in the floor.
Found a staircase leading out of the dungeon.
No target in view!
You don't know any spells.
Unknown command.
You now have 14 gold pieces.
An endoplasm comes into view.
The endoplasm quivers.
An endoplasm is nearby!
You don't know any spells.
Okay, then.
Found a scroll labelled ZISENE PYDGH and a book of Conjurations.
The endoplasm barely misses you.
You hit the endoplasm. You burn the endoplasm.
The endoplasm is heavily wounded.
The endoplasm barely misses you.
You sock the endoplasm! You burn the endoplasm.
You kill the endoplasm!
No target in view!
You now have 15 gold pieces (gained 1).
c - a scroll labelled ZISENE PYDGH You pick up a book of Conjurations and begin reading...
You add the spells Magic Dart, Searing Ray and Fulminant Prism to your library.
Okay, then.
A rat comes into view.
Found a long runed staff.
You barely miss the rat. The rat bites you.
You take 2 damage, and have 22/24 hp.
You closely miss the rat. The rat bites you. The rat barely misses you.
You take 1 damage, and have 21/24 hp.
You hit the rat. You burn the rat.
You kill the rat!
No target in view!
HP restored.
c - 2 scrolls labelled ZISENE PYDGH (gained 1)
d - a fuming silvery potion Health restored: 24
e - a staff of air A bat comes into view.
The bat hits you but does no damage.
You see here a staff of cold.
You sock the bat! You burn the bat.
You kill the bat!
No target in view!
No target in view!
f - a staff of cold You now have 31 gold pieces (gained 16).
A kobold comes into view. It is wielding a +0 dagger of venom.
The kobold shouts!
Okay, then.
The kobold hits you with a +0 dagger of venom.
You are poisoned.
You take 2 damage, and have 22/24 hp.
You hit the kobold but do no damage.
You feel sick. The kobold barely misses you.
You take 2 damage, and have 20/24 hp.
You closely miss the kobold.
You feel sick. The kobold hits you but does no damage.
You are more poisoned.
The kobold barely misses you.
You take 2 damage, and have 18/24 hp.
You barely miss the kobold.
You feel very sick. The kobold barely misses you.
You take 2 damage, and have 16/24 hp.
You barely miss the kobold.
You feel sick.
The kobold hits you with a +0 dagger of venom.
You are lethally poisoned!
You take 3 damage, and have 13/24 hp.
It was a potion of cancellation.
You feel magically purged.
You feel very sick. The kobold barely misses you.
You take 4 damage, and have 9/24 hp.
You hit the kobold but do no damage.
* * * LOW HITPOINT WARNING * * *
You feel very sick. The kobold hits you but does no damage.
You are more poisoned.
The kobold completely misses you.
You take 3 damage, and have 6/24 hp.
You miss the kobold.
* * * LOW HITPOINT WARNING * * *
You feel very sick. The kobold barely misses you.
You take 5 damage, and have 1/24 hp.
MASSIVE DAMAGE!!
You barely miss the kobold.
You die...

#.>...##..## #.
#.....#....# #.
###...##...## #.#
..#.<.##....## #..
.##...#.......
##..###.#######...###
#.............#...###
#...K......###.......
#...@................
#..#...##.###..#....#
#. #.............####
# #...###.......#
#............##
#...####†....# #...#
####### #...# #####


You could see a kobold.

Vanquished Creatures
  An endoplasm (D:1)
  A bat (D:1)
  A rat (D:1)
3 creatures vanquished.

Notes
Turn   | Place    | Note
-------+----------+-------------------------------------------
     0 | D:1      | mdonais the Ogre Cinder Acolyte began the quest for the
                  | Orb.
     0 | D:1      | Reached XP level 1. HP: 24/24 MP: 2/2
    76 | D:1      | HP: 1/24 [poisoned by a kobold]
    77 | D:1      | Succumbed to a kobold's poison

Illustrated notes

Levels and vault maps discovered:
D:1:      amcnicky_arrival_blooded_trapdoor, layout_rooms, serial_shops,
          nicolae_shop_tiny_real_fake_doors, roderic_serpentine_path

Action                     || total
---------------------------++-------
  Melee: Mace              ||    13
    Use: Potion            ||     1
 Armour: Robe              ||     3
  Dodge: Dodged            ||     9
